 Dungeon Crawl Stone Soup version 0.31.0-12-g77e489cdc1 (webtiles) character file.

Game seed: 5863479630531416655

53 DildoBatman the Conjurer (level 4, 0/32 HPs)
             Began as a Formicid Conjurer on Mar 7, 2024.
             Slain by a ball python (2 damage)
             ... on level 2 of the Dungeon.
             The game lasted 00:02:28 (919 turns).

DildoBatman the Conjurer (Formicid Conjurer)         Turns: 919, Time: 00:02:28

Health: 0/32       AC:  3    Str: 12    XL:     4   Next: 11%
Magic:  1/7        EV:  9    Int: 19    God:
Gold:   98         SH:  0    Dex: 12    Spells: 5/8 levels left

rFire   . . .        a - +0 long sword
rCold   . . .        (no shield)
rNeg    . . .        n - +0 robe
rPois   .            (helmet unavailable)
rElec   .            (no cloak)
rCorr   .            m - +0 pair of gloves
SInv    +            (no boots)
Will    .....        (no amulet)
Stlth   ++           (no ring)
HPRegen 0.25/turn    (no ring)
MPRegen 0.10/turn

%: no passive effects
@: constricted
A: permanent stasis, dig shafts and tunnels, antennae 3, four strong arms
a: Dig, Shaft Self


You were on level 2 of the Dungeon.
You visited 1 branch of the dungeon, and saw 2 of its levels.

You collected 98 gold pieces.

Inventory:

Hand Weapons
 a - a +0 long sword (weapon)
 c - a +0 sling
Missiles
 e - 15 stones
 k - 3 poisoned darts
Armour
 m - a +0 pair of gloves (worn)
 n - a +0 robe (worn)
Magical Staves
 g - a staff of earth
 l - a staff of fire
Scrolls
 d - a scroll of vulnerability {unknown}
 h - a scroll of blinking {unknown}
 i - a scroll of teleportation {unknown}
 j - a scroll of identify {unknown}
Potions
 b - a potion of magic
 f - a potion of resistance {unknown}
 o - a potion of heal wounds {unknown}


   Skills:
 + Level 1.2 Fighting
 + Level 1.2 Armour
 + Level 2.1 Dodging
 + Level 3.1 Stealth
 + Level 2.6 Spellcasting
 + Level 3.8 Conjurations


You had 5 spell levels left.
You knew the following spells:

 Your Spells              Type           Power      Damage    Failure   Level
a - Searing Ray           Conj           34%        2d5       4%          2
c - Magic Dart            Conj           68%        1d6       3%          1

Your spell library contained the following spells:

 Spells                   Type           Power      Damage    Failure   Level
 Call Imp                 Summ           4%         N/A       24%         2
 Fulminant Prism          Conj/Alch      4%         3d5       58%         4
 Iskenderun's Mystic Bla  Conj/Tloc      9%         2d4       58%         4
 Blink                    Tloc           Unusable   N/A       N/A         2

Dungeon Overview and Level Annotations

Branches:
Dungeon (2/15)

Altars:


Innate Abilities, Weirdness & Mutations

You cannot be hasted, slowed, berserked, paralysed or teleported.
You can dig through walls and to a lower floor.
You have a pair of large antennae on your head. (SInv)
Your four strong arms can wield two-handed weapons with a shield.


Message History

The ball python grabs you. The ball python constricts you.
What are your orders? t - Shout!
Orders for allies: a - Attack new target. r - Retreat! s - Stop attacking. g - Guard the area. f - Follow me.
Anything else - Cancel.
You shout for attention!
The ball python closely misses you. The ball python constricts you.
The ball python bites you. The ball python constricts you.
What are your orders? t - Shout!
Orders for allies: a - Attack new target. r - Retreat! s - Stop attacking. g - Guard the area. f - Follow me.
Anything else - Cancel.
You shout for attention!
The ball python bites you. The ball python constricts you.
What are your orders? t - Shout!
Orders for allies: a - Attack new target. r - Retreat! s - Stop attacking. g - Guard the area. f - Follow me.
Anything else - Cancel.
You shout for attention!
The ball python bites you. The ball python constricts you.
What are your orders? t - Shout!
Orders for allies: a - Attack new target. r - Retreat! s - Stop attacking. g - Guard the area. f - Follow me.
Anything else - Cancel.
You shout for attention!
The ball python bites you.
You die...

#.#..#.#.#....#.#...##
#.##..##.#.......##.##
##....##........##.#
#......#......####.#
#......#......# #.#
.##....##S.....# #.#
#.##..##.#...S.# ..#
#.#..#.#.#....
#.#....#@##.. ##
##.....S##.# #.
#..........#.# #.
#............# ###.
........../....# #...
.................#
##...
#.#.###..#######...
..... .... #.## ##
.###. .# .. #.


You could see a ball python.

Vanquished Creatures
  3 adders (D:2)
  A dart slug (D:1)
  3 ball pythons
  2 bats (D:2)
  4 endoplasms
  A giant cockroach (D:1)
  4 goblins
  A hobgoblin (D:1)
  A quokka (D:1)
  2 frilled lizards (D:1)
  A kobold (D:2)
  A rat (D:1)
24 creatures vanquished.

Notes
Turn   | Place    | Note
-------+----------+-------------------------------------------
     0 | D:1      | DildoBatman the Formicid Conjurer began the quest for the
                  | Orb.
     0 | D:1      | Reached XP level 1. HP: 13/13 MP: 3/3
   238 | D:1      | Reached XP level 2. HP: 15/20 MP: 1/5
   241 | D:1      | Learned a level 2 spell: Searing Ray
   475 | D:1      | Found a faded altar of an unknown god.
   827 | D:2      | Reached XP level 3. HP: 21/25 MP: 3/6
   857 | D:2      | Reached skill level 1 in Fighting
   857 | D:2      | Reached skill level 1 in Armour
   915 | D:2      | Reached XP level 4. HP: 8/32 MP: 0/7
   919 | D:2      | Slain by a ball python

Illustrated notes

Levels and vault maps discovered:
D:1:      mainiacjoe_arrival_oval_in_oval, layout_loops_cross,
          shapermc_ecumenical_altar_petra, wander_ebering_terrifying_dragon_lair
D:2:      layout_loops_cross, minmay_misc_feat_secret_circle,
          hangedman_decor_peaks_small, minmay_small_reverse_x

Skill      XL: |  1  2  3 |
---------------+----------+-----
Dodging        | 2 |  2.1
Fighting       | 1 |  1.2
Armour         | 1 |  1.2
Stealth        | 3 |  3.1
Spellcasting   | |  2.6
Conjurations   | |  3.8

Action                     |  1- 3 |  4- 6 || total
---------------------------+-------+-------++-------
  Melee: Unarmed           |     7 |       ||     7
         Mace              |    10 |       ||    10
         Long sword        |    15 |       ||    15
   Fire: Sling             |     7 |       ||     7
   Cast: Magic Dart        |    28 |       ||    28
         Searing Ray       |     2 |       ||     2
   Stab: Sleeping          |     1 |       ||     1
 Armour: Robe              |    33 |     5 ||    38
  Dodge: Dodged            |    35 |     1 ||    36
